 Dungeon Crawl Stone Soup version 0.22-a0-443-g17c3723931 (webtiles) character file.

482634 Oravi the Acrobat (level 24, -8/210 HPs)
             Began as a Merfolk Transmuter on May 30, 2018.
             Was the Champion of Ashenzari.
             Splashed by a caustic shrike's acid (9 damage)
             ... while paralysed by a floating eye
             ... on level 5 of the Depths on May 31, 2018.
             The game lasted 06:33:49 (53378 turns).

Oravi the Acrobat (Merfolk Transmuter)             Turns: 53378, Time: 06:33:50

Health: -8/210     AC:  5    Str: 14      XL:     24   Next: 89%
Magic:  42/45      EV:  2    Int: 27 (28) God:    Ashenzari [******]
Gold:   4858       SH:  0    Dex: 19      Spells: 13/59 levels left

rFire    . . .     SeeInvis +     - Unarmed
rCold    + + .     Gourm    .   m - +3 shield of Jigsaw {rPois Int+5} (curse)
rNeg     + . .     Faith    .   P - +2 robe {MR+} (curse)
rPois    +         Spirit   .   B - +0 helmet (curse)
rElec    +         Reflect  .   O - scarf {repulsion} (curse)
rCorr    .         Harm     .   n - +0 pair of gloves (curse)
MR       +++..     Clarity  +   x - +2 pair of boots (curse)
Stlth    ++++......             C - amulet "Ixin" {RegenMP MR+ Stlth+} (curse)
HPRegen  0.45/turn              c - ring of Fuid Yhack {rElec rC++ rN+ Dex+4 Stlth+} (curse)
MPRegen  0.54/turn              V - +4 ring of strength (curse)

@: paralysed, corroded, repel missiles
A: change form in water, swift swim, stealthy swim, deterioration 1, sturdy
frame 1
}: 2/15 runes: decaying, gossamer
a: Curse Item, Scrying, Transfer Knowledge, Renounce Religion


You were on level 5 of the Depths.
You worshipped Ashenzari.
Ashenzari was exalted by your worship.
You were hungry.

You visited 8 branches of the dungeon, and saw 41 of its levels.
You visited 1 bazaar.
You also visited: Labyrinth and Sewer.

You collected 6397 gold pieces.
You spent 1539 gold pieces at shops.

Inventory:

Hand Weapons
 t - a +0 demon trident
 D - a +0 trident of freezing
 L - a +2 glaive of flaming
Missiles
 a - 1228 arrows
Armour
 m - the cursed +3 shield of Jigsaw (worn) {rPois Int+5}
   (You bought it in a shop on level 2 of the Orcish Mines)

   It affects your intelligence (+5).
   It protects you from poison.
   It has a curse placed upon it.
 n - a cursed +0 pair of gloves (worn)
 x - a cursed +2 pair of boots (worn)
 B - a cursed +0 helmet (worn)
 G - a +0 robe of resistance
 O - a cursed scarf of repulsion (worn)
 P - a cursed +2 robe of magic resistance (worn)
Magical Staves
 o - an uncursed staff of cold
Jewellery
 c - the cursed ring of Fuid Yhack (left hand) {rElec rC++ rN+ Dex+4 Stlth+}
   (You acquired it on level 3 of the Swamp)

   [ring of positive energy]

   It affects your dexterity (+4).
   It greatly protects you from cold.
   It insulates you from electricity.
   It protects you from negative energy.
   It makes you more stealthy.
   It has a curse placed upon it.
 k - an uncursed ring of protection from cold
 z - an uncursed ring of resist corrosion
 C - the cursed amulet "Ixin" (around neck) {RegenMP MR+ Stlth+}
   (You acquired it on level 3 of the Swamp)

   [amulet of magic regeneration]

   It increases your magic regeneration.
   It affects your resistance to hostile enchantments.
   It makes you more stealthy.
   It has a curse placed upon it.
 N - an uncursed ring of flight
 U - an uncursed ring of protection from fire
 V - a cursed +4 ring of strength (right hand)
Wands
 b - a wand of scattershot (20)
 s - a wand of disintegration (23)
 H - a wand of digging (59)
 J - a wand of iceblast (30)
 K - a wand of flame (34)
 X - a wand of paralysis (19)
Scrolls
 i - 15 scrolls of teleportation
 l - 7 scrolls of blinking
 q - 9 scrolls of magic mapping
 u - 2 scrolls of holy word
 y - 8 scrolls of fear
 A - a scroll of enchant weapon
 F - 5 scrolls of fog
 I - 2 scrolls of silence
 Q - 21 scrolls of identify
 S - 15 scrolls of remove curse
 Z - 2 scrolls of enchant armour
Potions
 e - 11 potions of flight
 g - 5 potions of ambrosia
 h - 8 potions of haste
 j - 6 potions of brilliance
 p - 4 potions of magic
 r - 2 potions of berserk rage
 v - 3 potions of cancellation
 w - a potion of might
 E - 4 potions of resistance
 M - 3 potions of agility
 R - 5 potions of heal wounds
 T - a potion of mutation
 W - 6 potions of curing
 Y - 3 potions of invisibility
Comestibles
 d - 48 rations
 f - 19 chunks of flesh


   Skills:
 + Level 22.1 Fighting
 - Level 24.0(27) Dodging
 - Level 12.3(15.0) Shields
 - Level 14.0 Unarmed Combat
 + Level 18.2 Spellcasting
 - Level 1.8(5.0) Hexes
 - Level 5.5(10.0) Charms
 - Level 5.5(10.0) Necromancy
 - Level 2.0(5.3) Translocations
 - Level 16.0(19.9) Transmutations
 - Level 8.7(13.1) Earth Magic
 - Level 5.5(10.0) Poison Magic


You had 13 spell levels left.
You knew the following spells:

 Your Spells              Type           Power        Failure   Level  Hunger
a - Statue Form           Tmut/Erth      #######..    1%          6    ##.....
b - Sticks to Snakes      Tmut           #######.     0%          2    None
c - Ice Form              Ice/Tmut       ######..     1%          4    None
d - Blade Hands           Tmut           #######...   0%          5    None
e - Petrify               Tmut/Erth      #######.     1%          4    None
f - Lee's Rapid Deconstr  Erth           #######...   1%          5    None
g - Blink                 Tloc           N/A          1%          2    None
h - Alistair's Intoxicat  Tmut/Pois      #######.     1%          5    None
i - Yara's Violent Unrav  Hex/Tmut       #######...   1%          5    None
j - Borgnjor's Vile Clut  Necr/Erth      ######....   1%          5    None
r - Regeneration          Chrm/Necr      ######....   1%          3    None

Your spell library contained the following spells:

 Spells                   Type           Power        Failure   Level  Hunger
 Cause Fear               Hex            ######....   2%          4    None
 Magic Dart               Conj           ####         1%          1    None
 Fireball                 Conj/Fire      ####......   36%         5    None
 Apportation              Tloc           ######       1%          1    None
 Conjure Flame            Conj/Fire      ####....     4%          3    None
 Bolt of Fire             Conj/Fire      ####......   91%         6    ##.....
 Lightning Bolt           Conj/Air       ####......   36%         5    None
 Bolt of Magma            Conj/Fire/Erth ######....   7%          5    None
 Slow                     Hex            ######..     1%          2    None
 Confuse                  Hex            ######..     1%          3    None
 Throw Flame              Conj/Fire      ####..       1%          2    None
 Throw Frost              Conj/Ice       ####..       1%          2    None
 Controlled Blink         Tloc           N/A          100%        8    ######.
 Mephitic Cloud           Conj/Pois/Air  #####...     1%          3    None
 Venom Bolt               Conj/Pois      ######....   5%          5    None
 Olgreb's Toxic Radiance  Pois           ######..     1%          4    None
 Death's Door             Chrm/Necr      ######....   89%         8    ######.
 Summon Small Mammal      Summ           ####         1%          1    None
 Bolt of Draining         Conj/Necr      ######....   5%          5    None
 Iskenderun's Mystic Bla  Conj           ####....     14%         4    None
 Summon Horrible Things   Summ           ####......   100%        8    ######.
 Animate Dead             Necr           N/A          1%          4    None
 Animate Skeleton         Necr           N/A          1%          1    None
 Haunt                    Necr/Summ      ######....   86%         7    #####..
 Borgnjor's Revivificati  Necr           ######....   89%         8    ######.
 Freeze                   Ice            ####         1%          1    None
 Sticky Flame             Conj/Fire      ####....     14%         4    None
 Summon Ice Beast         Ice/Summ       ####....     14%         4    None
 Ozocubu's Armour         Chrm/Ice       ######..     1%          3    None
 Call Imp                 Summ           ####....     1%          2    None
 Sting                    Conj/Pois      ####         1%          1    None
 Tukima's Dance           Hex            ######..     1%          3    None
 Summon Demon             Summ           ####......   36%         5    None
 Summon Greater Demon     Summ           ####......   100%        7    #####..
 Corpse Rot               Necr           N/A          1%          2    None
 Iron Shot                Conj/Erth      ######....   17%         6    ##.....
 Stone Arrow              Conj/Erth      ######       1%          3    None
 Shock                    Conj/Air       ####         1%          1    None
 Swiftness                Chrm/Air       ######..     1%          2    None
 Recall                   Summ/Tloc      N/A          1%          3    None
 Spider Form              Tmut/Pois      #######...   0%          3    None
 Dragon Form              Tmut           #######...   1%          7    #####..
 Necromutation            Tmut/Necr      #######...   26%         8    ######.
 Death Channel            Necr           ######....   4%          6    ##.....
 Deflect Missiles         Chrm/Air       ######....   30%         6    ##.....
 Throw Icicle             Conj/Ice       ####....     14%         4    None
 Airstrike                Air            ####......   14%         4    None
 Confusing Touch          Hex            ######       1%          1    None
 Flame Tongue             Conj/Fire      ####.        1%          1    None
 Ignite Poison            Fire/Tmut/Pois ######..     1%          3    None
 Call Canine Familiar     Summ           ####....     4%          3    None
 Ensorcelled Hibernation  Hex/Ice        #####.       1%          2    None
 Metabolic Englaciation   Hex/Ice        #####.....   16%         5    None
 Summon Butterflies       Summ           ####....     1%          1    None
 Silence                  Hex/Air        #####.....   16%         5    None
 Shatter                  Erth           #######...   100%        9    #######
 Static Discharge         Conj/Air       ####....     4%          3    None
 Corona                   Hex            ######.      1%          1    None
 Simulacrum               Ice/Necr       ######....   30%         6    ##.....
 Conjure Ball Lightning   Conj/Air       ####......   91%         6    ##.....
 Excruciating Wounds      Chrm/Necr      ######....   1%          5    None
 Portal Projectile        Hex/Tloc       ######       1%          3    None
 Monstrous Menagerie      Summ           ####......   100%        7    #####..
 Malign Gateway           Summ/Tloc      #####.....   99%         7    #####..
 Tornado                  Air            ####......   100%        9    #######
 Leda's Liquefaction      Hex/Erth       ######....   1%          4    None
 Summon Hydra             Summ           ####......   100%        7    #####..
 Shroud of Golubria       Chrm/Tloc      ######....   1%          2    None
 Inner Flame              Hex/Fire       #####...     1%          3    None
 Beastly Appendage        Tmut           ######       0%          1    None
 Fulminant Prism          Conj/Hex       #####.....   5%          4    None
 Dazzling Spray           Conj/Hex       #####.       1%          3    None
 Force Lance              Conj/Tloc      #####...     5%          4    None
 Infusion                 Chrm           ####         1%          1    None
 Searing Ray              Conj           ####..       1%          2    None
 Discord                  Hex            ######....   100%        8    ######.
 Summon Forest            Summ/Tloc      #####.....   14%         5    None
 Summon Lightning Spire   Summ/Air       ####....     14%         4    None
 Summon Guardian Golem    Hex/Summ       #####...     1%          3    None
 Dragon's Call            Summ           ####......   100%        9    #######
 Summon Mana Viper        Hex/Summ       #####...     16%         5    None
 Hydra Form               Tmut           #######...   1%          6    ##.....
 Gell's Gravitas          Tloc           ######....   1%          3    None
 Infestation              Necr           ######....   89%         8    ######.
 Poisonous Vapours        Pois/Air       ######       1%          2    None


Dungeon Overview and Level Annotations

Branches:
Dungeon (15/15)            Temple (1/1) D:7            Lair (6/6) D:9
  Swamp (4/4) Lair:2       Spider (4/4) Lair:2        Slime (0/5) Lair:6
    Orc (2/2) D:10            Elf (0/3) Orc:2        Vaults (4/5) D:14
  Crypt (0/3) Vaults:3     Depths (5/5) D:15            Zot (0/5) Depths:5

Altars:
Ashenzari
Cheibriados
Dithmenos
Elyvilon
Fedhas
Gozag
Hepliaklqana
Kikubaaqudgha
Makhleb
Nemelex Xobeh
Okawaru
Qazlal
Ru
Sif Muna
Trog
Uskayaw
Vehumet
Wu Jian
Xom
Yredelemnul
Zin
The Shining One
Lugonu

Shops:
D:4 *   D:10 *   D:11 ?   Orc:2 ?**}[   Vaults:1 ?   Vaults:4 [   Depths:2 :

Portals:
Hell: Depths:1 Depths:2 Depths:3 Depths:4 Depths:5
Abyss: Depths:3 Depths:4
Pandemonium: Depths:1 Depths:2 Depths:3 Depths:4 Depths:5
Ziggurat: Depths:1


Innate Abilities, Weirdness & Mutations

You revert to your normal form in water.
You are very nimble and swift while swimming.
You are very stealthy in the water. (Stealth+)
Your body sometimes deteriorates upon taking damage.
Your movements are slightly less encumbered by armour. (ER -2)


Message History

Your cursed +2 pair of boots unmelds from your body.
Your cursed +2 robe of magic resistance unmelds from your body.
You feel resistant to hostile enchantments.
The caustic shrike claws you!!
You are splashed with acid!
The acid burns!
The caustic shrike claws you!!
You are splashed with acid!
The acid burns!
The caustic shrike claws you!!
* * * LOW HITPOINT WARNING * * *
Your body deteriorates!
You feel dopey.
You are splashed with acid!
The acid burns!
* * * LOW HITPOINT WARNING * * *
The caustic shrike claws you!
* * * LOW HITPOINT WARNING * * *
You are splashed with acid!
The acid burns!
* * * LOW HITPOINT WARNING * * *
You hear a grinding noise.
The floating eye's view fixates on you. The caustic shrike claws you!
* * * LOW HITPOINT WARNING * * *
You are splashed with acid!
The acid burns!
You die...

..## *##**** *##########§##....
#.#*{,,,..# , ,.##§§≈§≈≈≈###+...
#.# , ** #'# *.##≈§.§§[.##.#+..
..# , , #..,,,..#≈...#...+#.#'.
..# ,* ,*+#.##,.##§...#....+#.#)
###* ,,, ,#....,D##§(##.....)'#.#
,*,* #.#G#{##≈.......<..)## ,, *
* ##'#b######'#'#.....## ,,* ,
,#.#Q#@####.#.###.....§ , ' ,,*
,#......#......#'....)≈ *, * {
#..##.#+#..P⌠..#..##.≈ ,, *{
,{∆#.#.#..#..P8P.#)[#..|≈ *,* ,,
,∆#.##..#'#.⌠P..)#(#...≈ *' ∆
##[.....#......##[).([≈
,*,*#######÷#######..#.#.##§≈≈≈§≈
, ,#......###...+.##'#'#########
{ , +#..##.#.#.#.#'#.#.#.#####.##


You could see a caustic shrike and a floating eye.

Vanquished Creatures
  5 juggernauts
  Boris (twice) (Depths:3 Depths:5)
  Sojobo (Depths:4)
  Xtahua (Depths:4)
  5 caustic shrikes
  3 golden dragons
  Jorgrun (Vaults:1)
  2 tentacled monstrosities (Depths:5)
  6 liches
  2 quicksilver dragons (Depths:5)
  5 sphinxes
  4 shadow dragons
  A thorn hunter (Swamp:2)
  3 storm dragons
  8 tengu reavers
  A draconian monk (Depths:5)
  16 fire giants
  10 vault wardens
  2 iron dragons
  Aizul (Vaults:3)
  A deep elf sorcerer (Depths:4)
  5 ghost moths
  4 emperor scorpions (Spider:4)
  An orc warlord (Vaults:4)
  A curse skull (Vaults:3)
  A juggernaut zombie (Depths:3)
  6 spriggan defenders
  8 frost giants
  11 ironheart preservers
  27 stone giants
  8 entropy weavers
  17 very ugly things
  3 vampire knights
  The ghost of Maize the Severer, a journeyman MiBe of Trog (Lair:5)
  A reaper (Depths:3)
  3 deep elf demonologists
  5 deep elf annihilators
  A minotaur (Lab)
  The ghost of Banto the Covert, a journeyman OpEE of Sif Muna (Lair:4)
  8 spark wasps
  9 ettins
  3 jiangshi (Depths:5)
  2 deep elf death magi
  16 fire dragons
  7 great orbs of eyes
  20 yaktaur captains
  A deep elf high priest (Depths:4)
  3 rakshasas
  Fannar (Lair:1)
  13 hydras
  12 ice dragons
  3 catoblepae (Lair:6)
  Erica (D:11)
  3 spriggan air magi
  3 ghost crabs
  An anaconda (shapeshifter) (Depths:5)
  31 two-headed ogres
  4 death knights (Vaults:4)
  11 ogre magi
  4 deep troll shamans
  9 centaur warriors
  14 death yaks
  6 deep troll earth magi
  3 tengu warriors
  12 alligators
  A titan zombie (D:15)
  7 spriggan berserkers
  8 spriggans
  3 vampire magi
  A shock serpent (shapeshifter) (Depths:2)
  6 hell knights
  7 skeletal warriors
  2 shadow wraiths
  A soul eater (Depths:3)
  6 deep elf knights
  A titan skeleton (Depths:3)
  An unseen horror (D:12)
  A death drake (shapeshifter) (Vaults:2)
  4 glowing orange brains
  8 deep trolls
  An unseen horror (shapeshifter) (D:13)
  A shambling mangrove (Swamp:2)
  3 swamp dragons
  An orange crystal statue (Lair:2)
  5 wizards
  A gelid demonspawn (Depths:3)
  10 flayed ghosts
  The ghost of HANFGEIST the Transmogrifier, a novice OpTm of Makhleb (D:8)
  2 phantasmal warriors
  10 ironbrand convokers
  8 deep elf archers
  8 harpies
  5 necromancers
  15 orc knights
  3 oklob plants (Lair:4)
  36 wolf spiders
  5 orc sorcerers
  A frost giant zombie (D:15)
  A faun (shapeshifter) (Depths:3)
  42 ugly things
  20 orb spiders
  11 cyclopes
  A fire giant zombie (Depths:2)
  19 deep elf magi
  3 manticores
  12 vault sentinels
  An elephant (shapeshifter) (Depths:5)
  10 elephants
  2 fire giant skeletons (Depths:3)
  5 moths of wrath
  A frost giant skeleton (Depths:2)
  Maurice (D:10)
  4 black mambas
  Joseph (D:7)
  A gargoyle (D:13)
  An orange demon (Depths:3)
  7 centaur skeletons
  5 torpor snails
  18 spiny frogs
  80 yaktaurs
  2 rime drakes (shapeshifter) (Vaults:3)
  A spiny frog (shapeshifter) (Vaults:4)
  13 rime drakes
  9 freezing wraiths
  A yaktaur zombie (D:15)
  23 demonic crawlers
  3 komodo dragons (Lair:6)
  2 ice devils (Depths:3)
  A guardian mummy (D:15)
  A kobold demonologist (D:14)
  2 tengu conjurers
  30 jumping spiders
  3 meliai (Spider:4)
  Grinder (D:3)
  2 meliai (shapeshifter)
  8 trolls
  24 tyrant leeches
  6 bog bodies
  24 hornets
  A troll (shapeshifter) (Vaults:4)
  5 dream sheep (Lair:6)
  2 snapping turtles (shapeshifter)
  A hippogriff (shapeshifter) (Depths:3)
  Prince Ribbit (D:7)
  8 blink frogs
  9 hippogriffs
  35 slime creatures
  2 shadows
  11 water elementals
  29 tarantellas
  A wraith (D:15)
  A yak (shapeshifter) (Vaults:4)
  A redback (shapeshifter) (Depths:5)
  A spriggan (shapeshifter) (Vaults:4)
  4 wyverns
  52 yaks
  A human (D:8)
  74 redbacks
  4 basilisks
  4 hogs (D:8)
  A human (shapeshifter) (Vaults:1)
  A hog (shapeshifter) (Vaults:2)
  A vampire (D:11)
  8 wargs
  8 hungry ghosts
  7 steam dragons (Lair:6)
  15 vampire mosquitoes
  Menkaure (D:4)
  4 insubstantial wisps (Swamp:1)
  22 swamp worms
  2 swamp worm simulacra (Swamp:4)
  An acid dragon (Vaults:2)
  9 water moccasins
  A soldier ant (shapeshifter) (Depths:2)
  A tengu skeleton (Depths:2)
  2 hell hounds (D:9)
  13 hydra simulacra (Swamp:4)
  5 porcupines
  3 floating eyes
  4 ice beasts
  7 swamp drakes
  A black bear (shapeshifter) (Vaults:1)
  A human skeleton (D:15)
  3 black bears
  A hornet zombie (D:14)
  5 sky beasts
  An eye of draining (shapeshifter) (Vaults:3)
  2 necrophages
  61 orc warriors
  32 ogres
  A phantom (D:13)
  A spriggan simulacrum (Depths:2)
  23 boggarts
  39 centaurs
  19 wolves
  12 crocodiles
  A crocodile (shapeshifter) (Depths:2)
  10 big kobolds
  17 bullfrogs
  2 wyvern skeletons
  5 scorpions
  11 wights
  2 howler monkeys
  11 crimson imps
  3 electric eels
  6 jellies
  A bullfrog zombie (D:6)
  2 quasits
  7 centaur zombies
  5 hounds
  27 orc wizards
  23 orc priests
  A bullfrog skeleton (D:12)
  8 worker ants
  A hound skeleton (D:8)
  2 worker ant zombies
  3 gnolls (Orc:1)
  18 adders
  4 river rats
  4 shadow imps
  A white imp (Depths:3)
  5 ufetubi
  An ooze (D:2)
  6 swamp drake simulacra (Swamp:4)
  2 adder skeletons (D:8)
  2 adder zombies
  6 worms
  4 dart slugs
  4 leopard geckos
  106 orcs
  A giant cockroach (D:7)
  7 goblins
  4 hobgoblins
  9 quokkas
  5 ball pythons
  6 bats (D:1)
  5 frilled lizards
  4 goblin skeletons (D:4)
  A goblin zombie (D:4)
  3 hobgoblin zombies (D:4)
  25 kobolds
  A kobold skeleton (D:4)
  3 kobold zombies (D:4)
  A leopard gecko zombie (D:8)
  An orc skeleton (D:4)
  An orc zombie (D:4)
  A quokka zombie (D:5)
  12 rats
  2 plants
1927 creatures vanquished.

Vanquished Creatures (collateral kills)
  A hydra (Lair:3)
  A two-headed ogre (D:14)
  Urug (Lair:2)
  A tyrant leech (Swamp:1)
  A crimson imp (D:12)
  5 fungi
  A plant (Lair:3)
11 creatures vanquished.

Vanquished Creatures (others)
  A very ugly thing (Depths:5)
  A deep elf knight (Vaults:4)
  An unseen horror (Vaults:1)
  A wizard (Vaults:3)
  A rime drake (Lair:6)
  A tyrant leech (Swamp:4)
  A hippogriff (Lair:6)
  A floating eye (Depths:2)
  A boggart (Vaults:3)
  A bullfrog (Lair:4)
  An orc (Vaults:1)
  2 briar patches (Swamp:2)
  A bush (Lair:6)
  12 fungi
  17 plants
  A withered plant (D:15)
44 creatures vanquished.

Grand Total: 1982 creatures vanquished

Notes
Turn   | Place    | Note
-------+----------+-------------------------------------------
     0 | D:1      | Oravi the Merfolk Transmuter began the quest for the Orb.
     0 | D:1      | Reached XP level 1. HP: 15/15 MP: 3/3
   256 | D:1      | Reached XP level 2. HP: 21/21 MP: 3/5
   956 | D:2      | Reached XP level 3. HP: 22/26 MP: 4/6
   960 | D:2      | Learned a level 2 spell: Sticks to Snakes
   964 | D:2      | Learned a level 3 spell: Spider Form
  1240 | D:2      | Reached skill level 1 in Poison Magic
  1346 | D:3      | Reached skill level 5 in Transmutations
  1365 | D:3      | Found a blossoming altar of Fedhas.
  1365 | D:3      | Found an ancient bone altar of Kikubaaqudgha.
  1386 | D:3      | Noticed Grinder
  1387 | D:3      | Paralysed by Grinder for 4 turns
  1585 | D:3      | Paralysed by Grinder for 5 turns
  1592 | D:3      | Killed Grinder
  1592 | D:3      | Reached XP level 4. HP: 15/32 MP: 2/7
  1592 | D:3      | Reached XP level 5. HP: 17/37 MP: 2/8
  1592 | D:3      | Reached XP level 6. HP: 20/43 MP: 2/9
  1949 | D:4      | Found a glowing silver altar of Zin.
  1971 | D:4      | Reached skill level 3 in Dodging
  2030 | D:4      | Found a shattered altar of Ashenzari.
  2030 | D:4      | Found a hazy altar of Hepliaklqana.
  2032 | D:4      | Found a stormy altar of Qazlal.
  2032 | D:4      | Found a shimmering altar of Xom.
  2032 | D:4      | Noticed Menkaure
  2034 | D:4      | Found a sparkling altar of Nemelex Xobeh.
  2129 | D:4      | Reached XP level 7. HP: 21/50 MP: 8/10
  2220 | D:4      | Found Mopon's Assorted Antiques.
  2226 | D:4      | Bought a scroll labeled ZUDOUTI UMEAPP for 26 gold pieces
  2226 | D:4      | Bought a scroll labeled UPPOVI JORIP for 26 gold pieces
  2242 | D:4      | Found a glowing golden altar of the Shining One.
  2426 | D:4      | Reached skill level 4 in Dodging
  2669 | D:4      | Reached skill level 5 in Unarmed Combat
  2761 | D:4      | Found an opulent altar of Gozag.
  2784 | D:4      | Became a worshipper of Ashenzari the Shackled
  2905 | D:4      | Killed Menkaure
  2984 | D:5      | Entered Level 5 of the Dungeon
  3128 | D:5      | Found a glowing drain.
  3132 | Sewer    | Entered a sewer
  3181 | Sewer    | Reached skill level 5 in Dodging
  3181 | Sewer    | Reached XP level 8. HP: 53/59 MP: 7/11
  3569 | D:5      | Got the uncursed leather armour of the Moon {rF- rN+ Int+4}
  3580 | D:5      | Identified the +0 leather armour of the Moon {rF- rN+ Int+4} (You found it on level 5 of the Dungeon)
  3818 | D:5      | Reached skill level 6 in Dodging
  3954 | D:5      | Found a burning altar of Makhleb.
  4042 | D:5      | Reached skill level 5 in Fighting
  4133 | D:6      | Reached XP level 9. HP: 68/68 MP: 10/12
  4343 | D:6      | Found a basalt altar of Yredelemnul.
  4442 | D:6      | Reached * piety under Ashenzari
  4642 | D:7      | Reached skill level 7 in Dodging
  4889 | D:7      | Noticed Prince Ribbit
  4903 | D:7      | Killed Prince Ribbit
  4928 | D:7      | Found a hide-covered altar of Uskayaw.
  4928 | D:7      | Noticed a hand axe
  4928 | D:7      | Noticed a hand axe
  5098 | D:7      | Found a staircase to the Ecumenical Temple.
  5119 | Temple   | Entered the Ecumenical Temple
  5219 | D:7      | Noticed Joseph
  5485 | D:8      | Reached skill level 8 in Dodging
  5502 | D:8      | Reached skill level 10 in Unarmed Combat
  5573 | D:8      | Reached XP level 10. HP: 77/77 MP: 11/13
  5612 | D:8      | Noticed HANFGEIST's ghost (novice OpTm)
  5637 | D:8      | Killed HANFGEIST's ghost
  5637 | D:8      | Reached skill level 9 in Dodging
  5708 | D:8      | Noticed an orc sorcerer
  5730 | D:8      | Noticed a wizard
  5740 | D:8      | Killed a wizard
  5781 | D:8      | Killed an orc sorcerer
  5986 | D:8      | Found a burning altar of Makhleb.
  6151 | D:8      | Reached skill level 10 in Dodging
  6483 | D:7      | Learned a level 4 spell: Ice Form
  6553 | D:7      | Killed Joseph
  6553 | D:7      | Reached XP level 11. HP: 45/86 MP: 1/15
  6560 | D:7      | Learned a level 5 spell: Blade Hands
  6925 | D:9      | Found a staircase to the Lair.
  7232 | D:9      | Reached ** piety under Ashenzari
  7475 | D:10     | Entered Level 10 of the Dungeon
  7577 | D:10     | Noticed a two-headed ogre
  7586 | D:10     | Killed a two-headed ogre
  7625 | D:10     | Reached skill level 10 in Transmutations
  7689 | D:10     | Noticed a two-headed ogre
  7705 | D:10     | Killed a two-headed ogre
  7968 | D:10     | Found Minwelav's Assorted Antiques.
  7980 | D:10     | Bought a scroll of identify for 50 gold pieces
  7980 | D:10     | Bought a metal-bound book for 375 gold pieces
  8008 | D:10     | Noticed Maurice
  8047 | D:10     | Killed Maurice
  8198 | D:10     | Found a staircase to the Orcish Mines.
  8253 | D:10     | Bought a knobbly opal ring for 125 gold pieces
  8389 | D:11     | Reached skill level 11 in Dodging
  8406 | D:11     | Noticed a cyclops
  8663 | D:11     | Reached XP level 12. HP: 51/96 MP: 15/17
  8921 | D:11     | Noticed Erica
  8945 | D:11     | Killed Erica
  9147 | D:11     | Found Ugoudab's Magic Scroll Shoppe.
  9172 | D:10     | Reached skill level 10 in Fighting
  9193 | D:10     | Reached skill level 12 in Dodging
  9229 | D:11     | Bought a scroll of identify for 24 gold pieces
  9229 | D:11     | Bought a scroll of identify for 24 gold pieces
  9229 | D:11     | Bought a scroll of identify for 24 gold pieces
  9229 | D:11     | Bought a scroll of identify for 24 gold pieces
  9498 | D:12     | Found a labyrinth entrance.
  9506 | Lab      | Entered a labyrinth
  9937 | Lab      | Noticed a minotaur
  9948 | Lab      | Killed a minotaur
  9955 | Lab      | Identified the Grimoire of Transformation
 10363 | D:12     | Noticed a seven-headed hydra
 10498 | D:12     | Found an opulent altar of Gozag.
 10694 | D:12     | Noticed a seven-headed hydra
 10748 | D:12     | Reached skill level 13 in Dodging
 11175 | D:12     | Killed a seven-headed hydra
 11503 | Lair:1   | Entered Level 1 of the Lair of Beasts
 11577 | Lair:1   | Reached *** piety under Ashenzari
 11580 | Lair:1   | Noticed Fannar
 11604 | Lair:1   | Killed Fannar
 11604 | Lair:1   | Reached XP level 13. HP: 86/106 MP: 10/19
 11616 | Lair:1   | Learned a level 6 spell: Statue Form
 11929 | Lair:2   | Reached skill level 1 in Earth Magic
 11965 | Lair:2   | Found a staircase to the Swamp.
 12192 | D:4      | Bought a granite ring for 130 gold pieces
 12884 | Lair:2   | Found a hole to the Spider Nest.
 12899 | Lair:2   | Noticed Urug
 12922 | Lair:2   | Killed Urug
 13715 | Lair:3   | Got the uncursed helmet "Ruteadwuvoth" {+Fly MR+ Int-4 SInv}
 14126 | Lair:3   | Reached **** piety under Ashenzari
 14606 | Lair:4   | Reached skill level 5 in Earth Magic
 15005 | Lair:4   | Noticed Banto's ghost (journeyman OpEE)
 15021 | Lair:4   | Killed Banto's ghost
 15388 | Lair:4   | Identified the +2 helmet "Ruteadwuvoth" {+Fly MR+ Int-4 SInv} (You found it on level 3 of the Lair of Beasts)
 15627 | Lair:5   | Noticed Maize's ghost (journeyman MiBe)
 15734 | Lair:5   | Reached XP level 14. HP: 107/113 MP: 17/20
 16639 | Lair:6   | Entered Level 6 of the Lair of Beasts
 16681 | Lair:6   | Identified the +4 ring mail of the Wilderness {*Contam rElec rC+ Dex+2}
 17098 | Lair:6   | Reached skill level 15 in Transmutations
 17790 | D:13     | Reached ***** piety under Ashenzari
 18685 | D:14     | Identified a scroll of acquirement
 18813 | D:14     | Found a white marble altar of Elyvilon.
 18875 | D:14     | Reached skill level 5 in Spellcasting
 20150 | D:14     | Found a gate to the Vaults.
 20170 | D:14     | Reached XP level 15. HP: 113/119 MP: 14/23
 20299 | D:15     | Entered Level 15 of the Dungeon
 20300 | D:15     | Found a snail-covered altar of Cheibriados.
 20392 | D:14     | Gained mutation: Scrolls take you a little longer to read. [mutagenic glow]
 20441 | D:14     | Gained mutation: You occasionally shout uncontrollably at your foes. [mutagenic glow]
 20494 | D:14     | Gained mutation: You are occasionally teleported next to monsters. [mutagenic glow]
 20515 | D:14     | Lost mutation: Scrolls take you a little longer to read. [potion of mutation]
 20515 | D:14     | Lost mutation: You are occasionally teleported next to monsters. [potion of mutation]
 20515 | D:14     | Lost mutation: You occasionally shout uncontrollably at your foes. [potion of mutation]
 20515 | D:14     | Gained mutation: You tend to lose your temper in combat. [potion of mutation]
 20515 | D:14     | Gained mutation: You can translocate small distances at will. [potion of mutation]
 20516 | D:14     | Lost mutation: You tend to lose your temper in combat. [potion of mutation]
 20516 | D:14     | Lost mutation: You can translocate small distances at will. [potion of mutation]
 20516 | D:14     | Gained mutation: Your body sometimes deteriorates upon taking damage. [potion of mutation]
 20516 | D:14     | Gained mutation: Your movements are slightly less encumbered by armour. (ER -2) [potion of mutation]
 20619 | D:15     | Found a staircase to the Depths.
 20894 | D:15     | Reached skill level 1 in Shields
 22207 | Lair:6   | Found a staircase to the Slime Pits.
 22254 | Lair:6   | Reached skill level 5 in Shields
 23148 | Lair:6   | Learned a level 4 spell: Petrify
 23345 | Lair:5   | Killed Maize's ghost
 23561 | Orc:1    | Entered Level 1 of the Orcish Mines
 23688 | Orc:2    | Entered Level 2 of the Orcish Mines
 23703 | Orc:2    | Reached XP level 16. HP: 129/129 MP: 24/28
 23782 | Orc:2    | Found Yfroam's Armour Shop.
 23910 | Orc:2    | Reached ****** piety under Ashenzari
 24211 | Orc:2    | Found Tonk's General Store.
 24211 | Orc:2    | Found Hodege's General Store.
 24211 | Orc:2    | Found Pululoagh's Gadget Shoppe.
 24214 | Orc:2    | Found Ulaek's Magic Scroll Shop.
 24373 | Orc:2    | Found a staircase to the Elven Halls.
 25079 | Swamp:1  | Entered Level 1 of the Swamp
 26055 | Swamp:2  | Noticed a thorn hunter
 26066 | Swamp:2  | Killed a thorn hunter
 26240 | Swamp:2  | Reached skill level 10 in Shields
 27108 | Swamp:3  | Identified the cursed ring of Fuid Yhack {rElec rC++ rN+ Dex+4 Stlth+} (You acquired it on level 3 of the Swamp)
 27127 | Swamp:3  | Identified the cursed amulet "Ixin" {RegenMP MR+ Stlth+} (You acquired it on level 3 of the Swamp)
 27266 | Swamp:3  | Identified Fir Tol's Handbook of the Unstable Voyage
 27683 | Swamp:4  | Entered Level 4 of the Swamp
 27716 | Swamp:3  | Reached XP level 17. HP: 89/136 MP: 29/29
 27991 | Swamp:4  | Learned a level 2 spell: Blink
 28098 | Swamp:4  | Reached skill level 1 in Translocations
 29250 | Swamp:4  | Got a decaying rune of Zot
 29426 | Swamp:2  | Reached skill level 14 in Dodging
 29586 | D:11     | Bought a scroll of remove curse for 36 gold pieces
 29659 | Orc:2    | Bought the +3 shield of Jigsaw {rPois Int+5} for 576 gold pieces
 29691 | Orc:2    | Bought a scroll of remove curse for 33 gold pieces
 29691 | Orc:2    | Bought a scroll of remove curse for 33 gold pieces
 29691 | Orc:2    | Bought a scroll of remove curse for 33 gold pieces
 30101 | Spider:1 | Entered Level 1 of the Spider Nest
 30632 | Spider:1 | Upgraded the game from 0.22-a0-441-gcf5b0c64b7 to 0.22-a0-443-g17c3723931
 30792 | Spider:2 | Reached skill level 10 in Spellcasting
 31058 | Spider:2 | Identified the amulet "Gual" {Inacc +Fly}
 31226 | Spider:3 | Reached skill level 15 in Dodging
 31947 | Spider:2 | Reached XP level 18. HP: 147/147 MP: 28/32
 33119 | Spider:3 | Identified the Reference Book on Boosts and Orientation
 33170 | Spider:4 | Entered Level 4 of the Spider Nest
 33671 | Spider:4 | Reached skill level 15 in Fighting
 33700 | Spider:4 | Reached skill level 16 in Dodging
 34767 | Spider:4 | Got a gossamer rune of Zot
 35311 | Vaults:1 | Entered Level 1 of the Vaults
 35601 | Vaults:1 | Noticed Jorgrun
 35613 | Vaults:1 | Killed Jorgrun
 35908 | Vaults:1 | Reached skill level 17 in Dodging
 36079 | Vaults:1 | Reached XP level 19. HP: 157/157 MP: 35/35
 36443 | Vaults:1 | Found Tefracw's Magic Scroll Shoppe.
 37160 | Vaults:2 | Found a flickering gateway to a bazaar.
 37170 | Bazaar   | Entered a bazaar
 37170 | Bazaar   | Found Laq Fowah's Antique Weapon Shop.
 37170 | Bazaar   | Found Jeotomom's Antique Armour Shop.
 37194 | Bazaar   | Found Iguts's General Store.
 37394 | Vaults:2 | Reached skill level 18 in Dodging
 38425 | Vaults:2 | Paralysed by a wizard for 7 turns
 38983 | Vaults:2 | Learned a level 5 spell: Alistair's Intoxication
 39424 | Vaults:3 | Reached XP level 20. HP: 168/168 MP: 37/37
 39723 | Vaults:3 | Reached skill level 5 in Poison Magic
 39807 | Vaults:3 | Noticed Aizul
 39827 | Vaults:3 | Killed Aizul
 39835 | Vaults:3 | Reached skill level 19 in Dodging
 39871 | Vaults:3 | Found a staircase to the Crypt.
 40223 | Vaults:3 | Noticed a Tzitzimitl
 41987 | Vaults:4 | Found Cufavuos's Antique Armour Emporium.
 42078 | Vaults:4 | Reached skill level 20 in Dodging
 42473 | Vaults:3 | Reached XP level 21. HP: 177/177 MP: 34/39
 44427 | Depths:1 | Entered Level 1 of the Depths
 44464 | Depths:1 | Reached skill level 15 in Spellcasting
 44543 | Depths:1 | Learned a level 5 spell: Yara's Violent Unravelling
 44622 | Depths:1 | Found a one-way gate leading to the halls of Pandemonium.
 44675 | Depths:1 | Found a gateway to a ziggurat.
 44947 | Depths:1 | Found a gateway to Hell.
 44986 | Depths:1 | Found a shattered altar of Ashenzari.
 45423 | Depths:2 | Paralysed by a floating eye for 3 turns
 45434 | Depths:2 | Reached skill level 21 in Dodging
 45459 | Depths:2 | Noticed a caustic shrike
 45482 | Depths:1 | Killed a caustic shrike
 45883 | Depths:2 | Noticed a caustic shrike
 46016 | Depths:1 | Killed a caustic shrike
 46044 | Depths:2 | Found a sparkling altar of Nemelex Xobeh.
 46288 | Depths:1 | Reached XP level 22. HP: 188/188 MP: 41/41
 46639 | Depths:2 | Found Lidd's Book Emporium.
 47332 | Depths:3 | Reached skill level 22 in Dodging
 48106 | Depths:3 | Noticed a juggernaut
 48117 | Depths:3 | Killed a juggernaut
 48620 | Depths:3 | Identified the amulet "Duschid" {Harm *Drain rElec Int+2 Stlth-}
 48914 | Depths:3 | Noticed Boris
 48926 | Depths:3 | Killed Boris
 49216 | Depths:3 | Found a one-way gate to the infinite horrors of the Abyss.
 49280 | Depths:3 | Reached XP level 23. HP: 198/198 MP: 41/43
 49372 | Depths:3 | Identified the +1 ring mail "Ugak" {MR- Int+5}
 49372 | Depths:3 | Found the cursed +13 scythe of Curses {drain, *Curse}
 49381 | Depths:3 | Identified Sif Muna's Volume of Dusty Sinister Arts
 49383 | Depths:3 | Identified the Handbook of the Journeyman
 49386 | Depths:3 | Identified the Papyrus of the Pure Moons
 49950 | Depths:3 | Noticed a golden dragon
 49975 | Depths:3 | Killed a golden dragon
 50142 | Depths:3 | Learned a level 5 spell: Lee's Rapid Deconstruction
 50146 | Depths:3 | Learned a level 3 spell: Regeneration
 50439 | Depths:4 | Reached skill level 1 in Charms
 50509 | Depths:4 | Reached skill level 1 in Necromancy
 50594 | Depths:4 | Noticed Sojobo
 50759 | Depths:4 | Reached skill level 23 in Dodging
 50845 | Depths:4 | Noticed a caustic shrike
 50852 | Depths:4 | Killed a caustic shrike
 50888 | Depths:4 | Noticed a juggernaut
 50914 | Depths:4 | Killed a juggernaut
 51091 | Depths:4 | Noticed a juggernaut
 51101 | Depths:4 | Killed a juggernaut
 51374 | Depths:4 | Noticed a caustic shrike
 51384 | Depths:4 | Killed a caustic shrike
 51384 | Depths:4 | Reached skill level 1 in Hexes
 51536 | Depths:4 | Killed Sojobo
 51893 | Depths:4 | Noticed Xtahua
 51908 | Depths:4 | Killed Xtahua
 51908 | Depths:4 | Reached skill level 5 in Charms
 52010 | Depths:5 | Entered Level 5 of the Depths
 52095 | Depths:5 | Noticed Boris
 52116 | Depths:5 | Killed Boris
 52144 | Depths:5 | Reached XP level 24. HP: 183/208 MP: 43/44
 52459 | Depths:5 | Found a gate to the Realm of Zot.
 52546 | Depths:5 | Found a basalt altar of Yredelemnul.
 52547 | Depths:5 | Found a hazy altar of Hepliaklqana.
 52547 | Depths:5 | Found a white marble altar of Elyvilon.
 52601 | Depths:5 | Reached skill level 5 in Necromancy
 52818 | Depths:5 | Noticed a juggernaut
 52838 | Depths:5 | Killed a juggernaut
 52838 | Depths:5 | Reached skill level 24 in Dodging
 52876 | Depths:5 | Paralysed by a floating eye for 2 turns
 52879 | Depths:5 | Paralysed by a floating eye for 3 turns
 52985 | Depths:5 | Noticed a juggernaut
 53001 | Depths:5 | Killed a juggernaut
 53069 | Depths:5 | Learned a level 5 spell: Borgnjor's Vile Clutch
 53101 | Depths:5 | Identified Yzoameb's Grimoire of Burning Flight
 53236 | Depths:5 | Noticed a caustic shrike
 53242 | Depths:5 | Killed a caustic shrike
 53357 | Depths:5 | Noticed a caustic shrike
 53363 | Depths:5 | Paralysed by a floating eye for 4 turns
 53371 | Depths:5 | Paralysed by a floating eye for 2 turns
 53375 | Depths:5 | Paralysed by a floating eye for 4 turns
 53377 | Depths:5 | HP: 10/210 [acid (10)]
 53378 | Depths:5 | HP: 1/210 [caustic shrike (9)]
 53378 | Depths:5 | Splashed by a caustic shrike's acid

Vault maps used:
D:1:      dpeg_arrival_three_same_balls
D:3:      grunt_temple_overflow_growth_and_decay, first_ration, uniq_grinder
D:4:      nicolae_tso_besieged_by_evil, zin_academy, grunt_temple_overflow_open,
          serial_shops, nicolae_shop_stone, uniq_menkaure
D:5:      kennysheep_mini, gup_sewer_entry_spiral, kennysheep_generic_room_9
D:6:      yredelemnul_altar_generic, minmay_holes
D:7:      dancing_weapons_uskayaw, minmay_temple_entry_purple_smoke,
          uniq_joseph, uniq_prince_ribbit1
D:8:      cheibrodos_wizards_tower, grunt_livestock, makhleb_blood_cavern_becter
D:9:      minmay_lair_entry_lava
D:10:     orc_0_dummy, serial_shops, shop_coins, uniq_maurice
D:11:     corexii_hall_statues_i, minmay_crystal_water, kennysheep_small_circle,
          uniq_erica
D:12:     lab_entry_generic, basic_altar, hangedman_decor_growths
D:13:     spider_trap
D:14:     hangedman_vaults_entry_quadrant_bands, elyvilon_altar_4,
          kennysheep_generic_room_14
D:15:     gammafunk_depths_entry_grave, minmay_misc_feat_tower,
          lemuel_statue_altar
Temple:   corrupted_temple
Lair:1:   uniq_fannar
Lair:2:   statuecave_lemuel, minmay_swamp_entry_worms, spider_nest_entry_rubble,
          uniq_urug
Lair:3:   serial_bayou_pond_e, infiniplex_staircase_pool_2, grunt_megastairs_4,
          lemuel_fruit_fields, serial_bayou_shore_b
Lair:4:   pond, minmay_lair_oklob_chamber
Lair:5:   st_stairs_12, grunt_megastairs_3, lemuel_fruit_fields
Lair:6:   evilmike_catoblepas_cave, minmay_slime_entry_pillars,
          bobbens_dragon_lair_wall
Swamp:1:  evilmike_swamp_ruin_rubble_1
Swamp:2:  hangedman_swamp_ruin_wall
Swamp:3:  evilmike_swamp_ruin_house_3
Swamp:4:  swamp_icy
Spider:3: worms_lemuel
Spider:4: guppyfry_spider_rune, hangedman_spider_tarantella_strand,
          nicolae_spider_cling_ruins
Orc:2:    st_orc_rangers, serial_shops, nicolae_shop_behind_doors
Vaults:1: vaults_mumra_hex, ontoclasm_vaults_misaligned,
          ontoclasm_vaults_ring_square, grunt_vaults_funnel, v_rooms_2,
          v_misc_9, nicolae_vaults_little_squares_6,
          nicolae_vaults_little_squares_1, serial_shops,
          nicolae_shop_window_shopping, uniq_jorgrun
Vaults:2: nicolae_vaults_know_your_exits, vaults_room_octagon,
          grunt_vaults_twisty, v_rooms_1, ontoclasm_vaults_loading_screen,
          nicolae_vaults_network_square, v_misc_9, vaults_dpeg_cross,
          vaults_dpeg_encased_lava, v_misc_19, dpeg_vaults_monster_row,
          serial_shops, bzr_entry_lakeside
Vaults:3: nicolae_vaults_arrows, v_misc_4, v_pattern_2,
          minmay_crypt_entry_simple_round, hangedman_vaults_unwind,
          vaults_room_ringed_pool, ontoclasm_vaults_hangar,
          hangedman_vaults_nails, grunt_vaults_bifocal,
          nicolae_vaults_circle_grid_a, vaults_room_hallway,
          nicolae_vaults_theta, hangedman_vaults_variations,
          vaults_room_door_ring, uniq_aizul
Vaults:4: nicolae_vaults_network_periphery, hangedman_vaults_stream,
          vaults_dpeg_ring, st_hourglassy, v_misc_15,
          nicolae_vaults_border_crossing, v_alt_pattern_2,
          dpeg_vaults_monster_box, nicolae_vaults_rhombus_7, serial_shops,
          shop_coins
Depths:1: enter_ziggurat_b, rand_demon_pan_entry_4, hell_entry,
          minmay_stone_trees_large, ashenzari_altar_1
Depths:2: minmay_heptahexagon, nemelex_xobeh_ov_fountains_minmay, serial_shops,
          nicolae_shop_crystal, hangedman_geh_valley, pan_entry,
          serial_column_ruins, column_ruins_hut, column_ruins_open_small,
          column_ruins_open_tiny, column_ruins_open_large,
          column_ruins_open_small, column_ruins_open_tiny,
          column_ruins_open_small
Depths:3: little_maze_vault, grunt_pan_entry_in_and_out, hell_entry,
          abyss_entry, serial_bayou_pond_c, uniq_boris
Depths:4: minmay_box_of_curves, hell_entry, abyss_entry_small_statue_room,
          infiniplex_staircase_pillars_2, pan_entry, grunt_ministairs_13,
          uniq_sojobo, uniq_xtahua
Depths:5: hangedman_slaughterboxes, hell_entry, pan_entry, uniq_boris
Lab:      labyrinth_spiral, nicolae_lab_x, nicolae_lab_lava
Bazaar:   bazaar_jpeg_cross
Sewer:    sewer_co_15_rooms

Skill      XL: |  1  2  3  4  5  6  7  8  9 10 11 12 13 14 15 16 17 18 19 20 21 22 23 24 |
---------------+-------------------------------------------------------------------------+-----
Transmutations | 3 4 6 7 10 13 16 | 16.0
Poison Magic   | 3 4 5 |  5.5
Dodging        | 3 5 6 8 10 11 13 15 17 18 20 21 22 23 24 | 24.0
Unarmed Combat | 4 6 8 10 11 12 13 14 | 14.0
Fighting       | 2 3 5 6 8 9 11 12 13 14 15 17 18 19 20 21 22 | 22.1
Spellcasting   | 3 4 5 8 10 12 13 14 15 16 17 18 | 18.2
Earth Magic    | 6 8 |  8.7
Shields        | 6 12 | 12.3
Translocations | 2 |  2.0
Charms         | 5 |  5.5
Necromancy     | 4 5 |  5.5
Hexes          | 1 |  1.8

Action                   |  1- 3 |  4- 6 |  7- 9 | 10-12 | 13-15 | 16-18 | 19-21 | 22-24 || total
-------------------------+-------+-------+-------+-------+-------+-------+-------+-------++-------
Melee: Unarmed           |    97 |    58 |   394 |   656 |  1217 |  1684 |  1462 |  1262 ||  6830
       Headbutt          |    10 |       |       |       |       |       |       |       ||    10
       Tailslap          |       |       |     1 |       |     1 |    14 |       |       ||    16
       Punch             |       |       |     2 |     2 |    28 |     9 |       |       ||    41
 Cast: Beastly Appendage |    18 |       |       |       |       |       |       |       ||    18
       Spider Form       |     5 |    10 |    47 |    64 |    58 |       |       |       ||   184
       Sticks to Snakes  |     2 |       |     4 |    14 |    43 |     3 |       |       ||    66
       Blade Hands       |       |       |       |     4 |    31 |     8 |       |       ||    43
       Ice Form          |       |       |       |       |     3 |     2 |       |       ||     5
       Statue Form       |       |       |       |       |    26 |   107 |    81 |    64 ||   278
       Petrify           |       |       |       |       |       |    75 |    55 |    53 ||   183
       Alistair's Intoxi |       |       |       |       |       |       |    24 |    37 ||    61
       Blink             |       |       |       |       |       |       |     6 |       ||     6
       Regeneration      |       |       |       |       |       |       |       |    28 ||    28
       Yara's Violent Un |       |       |       |       |       |       |       |     1 ||     1
       Borgnjor's Vile C |       |       |       |       |       |       |       |     4 ||     4
Invok: Curse Item        |       |       |     2 |     2 |     4 |     2 |       |       ||    10
 Abil: End Transformatio |       |       |     1 |     1 |    19 |     8 |     4 |     1 ||    34
       Evoke Flight      |       |       |       |       |     1 |       |       |       ||     1
Evoke: Wand              |       |       |       |       |     6 |     1 |       |     1 ||     8
  Use: Scroll            |     6 |       |     5 |    16 |    13 |     8 |     1 |     2 ||    51
       Potion            |       |       |     3 |     5 |     4 |     1 |     5 |       ||    18
 Stab: Sleeping          |     2 |     1 |     1 |     1 |     2 |     6 |     9 |     6 ||    28
       Distracted        |       |       |       |       |     3 |       |       |       ||     3
       Petrified         |       |       |       |       |       |    90 |    58 |    50 ||   198
       Petrifying        |       |       |       |       |       |    10 |     6 |     5 ||    21
       Held in net/web   |       |       |       |       |       |     2 |       |       ||     2
       Confused          |       |       |       |       |       |       |     5 |     9 ||    14
  Eat: Chunk             |     3 |     3 |    16 |    26 |    52 |    71 |    50 |    30 ||   251
       Ration            |       |       |     1 |     1 |     5 |     5 |     2 |     2 ||    16
Armor: Robe              |    19 |       |     1 |    12 |    20 |     8 |     1 |       ||    61
       Skin              |     1 |     3 |    10 |     9 |   112 |   692 |   307 |   355 ||  1489
       Leather armour    |       |       |     1 |       |       |       |       |       ||     1
Dodge: Dodged            |    78 |    41 |   283 |   702 |  1369 |  2894 |  1598 |  1428 ||  8393
       Deflected         |       |       |       |     2 |    20 |    28 |    51 |    35 ||   136
Block: Buckler           |       |       |       |       |    75 |   501 |       |       ||   576
       Shield            |       |       |       |       |       |  1429 |  1678 |  1238 ||  4345

Table legend:
 A = Spawn XP
 B = Non-spawn XP
 C = Spawn XP percentage of total XP
 D = Spawn monster count
 E = Non-spawn monster count
 F = Spawn count percentage of total count
 G = Total turns spent on level
                    A         B        C        D         E        F      G
               +---------+---------+-------+---------+---------+-------+---------
         Total |       0 |  949087 |   0.0 |       0 |    1935 |   0.0 | 53378
               +---------+---------+-------+---------+---------+-------+---------
           D:1 |       0 |      30 |   0.0 |       0 |      18 |   0.0 |   885
           D:2 |       0 |      33 |   0.0 |       0 |      10 |   0.0 |   405
           D:3 |       0 |     349 |   0.0 |       0 |      19 |   0.0 |   648
           D:4 |       0 |     753 |   0.0 |       0 |      36 |   0.0 |  1125
           D:5 |       0 |     679 |   0.0 |       0 |      26 |   0.0 |   722
           D:6 |       0 |     222 |   0.0 |       0 |       8 |   0.0 |   582
           D:7 |       0 |    1650 |   0.0 |       0 |      17 |   0.0 |   957
           D:8 |       0 |    5349 |   0.0 |       0 |      37 |   0.0 |  1129
           D:9 |       0 |    1785 |   0.0 |       0 |      23 |   0.0 |  1342
          D:10 |       0 |    5815 |   0.0 |       0 |      31 |   0.0 |  1211
          D:11 |       0 |    5473 |   0.0 |       0 |      30 |   0.0 |  1059
          D:12 |       0 |    7319 |   0.0 |       0 |      30 |   0.0 |  1813
          D:13 |       0 |    4839 |   0.0 |       0 |      32 |   0.0 |   947
          D:14 |       0 |   14222 |   0.0 |       0 |      55 |   0.0 |  2004
          D:15 |       0 |   12971 |   0.0 |       0 |      33 |   0.0 |   922
        Lair:1 |       0 |    2151 |   0.0 |       0 |       5 |   0.0 |   640
        Lair:2 |       0 |    6609 |   0.0 |       0 |      23 |   0.0 |  1650
        Lair:3 |       0 |    5980 |   0.0 |       0 |      23 |   0.0 |   988
        Lair:4 |       0 |   12369 |   0.0 |       0 |      34 |   0.0 |  1568
        Lair:5 |       0 |    6195 |   0.0 |       0 |      19 |   0.0 |  1090
        Lair:6 |       0 |   31009 |   0.0 |       0 |      94 |   0.0 |  2017
       Swamp:1 |       0 |   15149 |   0.0 |       0 |      45 |   0.0 |  1112
       Swamp:2 |       0 |   13171 |   0.0 |       0 |      27 |   0.0 |   772
       Swamp:3 |       0 |   12830 |   0.0 |       0 |      31 |   0.0 |   965
       Swamp:4 |       0 |   16432 |   0.0 |       0 |      48 |   0.0 |  1436
      Spider:1 |       0 |   18306 |   0.0 |       0 |      55 |   0.0 |   596
      Spider:2 |       0 |   22592 |   0.0 |       0 |      62 |   0.0 |  1866
      Spider:3 |       0 |   15773 |   0.0 |       0 |      45 |   0.0 |   892
      Spider:4 |       0 |   40003 |   0.0 |       0 |      83 |   0.0 |  1675
         Orc:1 |       0 |    3098 |   0.0 |       0 |      58 |   0.0 |   434
         Orc:2 |       0 |    9982 |   0.0 |       0 |      92 |   0.0 |  1065
      Vaults:1 |       0 |   44349 |   0.0 |       0 |      73 |   0.0 |  1869
      Vaults:2 |       0 |   52359 |   0.0 |       0 |      91 |   0.0 |  2223
      Vaults:3 |       0 |   76241 |   0.0 |       0 |     126 |   0.0 |  2195
      Vaults:4 |       0 |   70166 |   0.0 |       0 |     114 |   0.0 |  2730
      Depths:1 |       0 |   53387 |   0.0 |       0 |      64 |   0.0 |  1863
      Depths:2 |       0 |   53327 |   0.0 |       0 |      79 |   0.0 |  1393
      Depths:3 |       0 |   84539 |   0.0 |       0 |      82 |   0.0 |  2584
      Depths:4 |       0 |   88666 |   0.0 |       0 |      50 |   0.0 |  1743
      Depths:5 |       0 |  130456 |   0.0 |       0 |      82 |   0.0 |  1368
           Lab |       0 |    1998 |   0.0 |       0 |       5 |   0.0 |   453
         Sewer |       0 |     461 |   0.0 |       0 |      20 |   0.0 |   342
               +---------+---------+-------+---------+---------+-------+---------
